 Dungeon Crawl Stone Soup version 0.17-a0-1853-ge1bd2c8 (webtiles) character file.

7985 Banto the Severer (level 11, -1/141 HPs)
             Began as a Minotaur Berserker on Sept 19, 2015.
             Was a High Priest of Trog.
             Slain by a warg (7 damage)
             ... on level 10 of the Dungeon.
             The game lasted 00:12:28 (7163 turns).

Banto the Severer (Minotaur Berserker)              Turns: 7163, Time: 00:12:28

Health: -1/141     AC: 11    Str: 26    XL:     11   Next: 4%
Magic:  3/3        EV: 11    Int:  4    God:    Trog [*****.]
Gold:   200        SH:  0    Dex: 14    Spells: 0 memorised, 10 levels left

rFire  . . .     SeeInvis +     F - +7 executioner's axe (antimagic)
rCold  . . .     Clarity  .     r - +0 scale mail (curse)
rNeg   + . .     SustAt   .     (no shield)
rPois  .         Gourm    .     (helmet restricted)
rElec  .         Spirit   .     o - +2 cloak
rCorr  .         Warding  .     (no gloves)
rMut   .         Stasis   .     (no boots)
MR     .....                    (no amulet)
Stlth  ..........               n - ring of see invisible
                                p - ring of positive energy

@: berserking, very quick, not resistant to hostile enchantments, extremely
unstealthy
A: retaliatory headbutt, horns 2
a: Burn Spellbooks, Berserk, Trog's Hand, Brothers in Arms, Renounce Religion


You were on level 10 of the Dungeon.
You worshipped Trog.
Trog was extremely pleased with you.
You were hungry.

You visited 2 branches of the dungeon, and saw 11 of its levels.

You collected 492 gold pieces.
You spent 292 gold pieces at shops.

Inventory:

Hand weapons
 F - a +7 antimagic executioner's axe (weapon)
Armour
 o - a +2 cloak (worn)
 r - a cursed +0 scale mail (worn)
 y - a +0 plate armour
Jewellery
 b - an uncursed ring of invisibility
 n - a ring of see invisible (right hand)
 p - a ring of positive energy (left hand)
 w - an uncursed ring of fire
 I - an uncursed ring of protection from fire
Magical devices
 v - a wand of digging (5)
 x - a wand of heal wounds (2)
 B - a wand of paralysis (8)
 H - a wand of random effects (39)
Scrolls
 g - 3 scrolls of enchant armour
 h - 7 scrolls of remove curse
 m - a scroll of recharging
 q - 4 scrolls of teleportation
 t - a scroll of random uselessness {unknown}
 D - a scroll of silence
 E - a scroll of identify
 G - a scroll of fear
Potions
 a - a potion of cure mutation
 d - 4 potions of curing
 e - 2 potions of heal wounds
 i - 2 potions of cancellation {unknown}
 j - a potion of agility
 l - 2 potions of brilliance {unknown}
 s - a potion of mutation {unknown}
 z - 2 potions of beneficial mutation {unknown}
 A - 2 potions of berserk rage {unknown}
 C - 2 potions of flight {unknown}
Miscellaneous
 J - a fan of gales
Comestibles
 c - 12 bread rations
 f - 5 meat rations
 k - 2 beef jerkies
 u - 2 fruits


   Skills:
 + Level 7.8 Fighting
 * Level 16.9 Axes
 + Level 7.3 Armour
 - Level 2.1 Dodging


You had 10 spell levels left.
You didn't know any spells.

Dungeon Overview and Level Annotations

Branches:
Dungeon (10/15)            Temple (1/1) D:5             Orc (0/4) D:9
   Lair: D:8-11

Altars:
Cheibriados
Dithmenos
Elyvilon
Fedhas
Gozag
Kikubaaqudgha
Makhleb
Sif Muna
Vehumet
Xom
Yredelemnul
The Shining One

Shops:
D:6 (   D:9 *

Annotations:
D:10 Grum


Innate Abilities, Weirdness & Mutations

You reflexively headbutt those who attack you in melee.
You have a pair of horns on your head.


Message History

You headbutt the wasp, but do no damage.
The orc priest invokes the aid of Beogh against you.
Something smites you!
* * * LOW HITPOINT WARNING * * *
The wasp barely misses you.
Unknown command.
Unknown command.
The warg bites you.
* * * LOW HITPOINT WARNING * * *
The warg closely misses you. The warg misses you.
Unknown command.
Use which ability?
A red film seems to cover your vision as you go berserk!
You feel yourself moving faster!
You feel mighty!
You feel somewhat more hungry.
You feel yourself speed up. The warg bites you.
* * * LOW HITPOINT WARNING * * *
The warg bites you but does no damage. The warg bites you!
You die...

...# #..#
#..# #..#
#..# .
######..#
P...#oohh...#
.....ooyh@..#
.....g#####.#
..... #.#
.... #.# ...
#.# .#
########.#
.........#
.........#
#######..#


You could see Grum, 2 wargs, an orc warrior, a wolf, a wasp, an orc priest and 2
orcs.

Vanquished Creatures
  Pikel (D:5)
  Grinder (D:3)
  A troll (D:10)
  A wyvern (D:8)
  A two-headed ogre (D:8)
  A spriggan (D:8)
  Sigmund (D:6)
  8 yaks (D:9)
  Eustachio (D:6)
  A hippogriff (D:8)
  2 wolves (D:10)
  The ghost of emikaela the Firebug, an average DsFE of Fedhas (D:4)
  Menkaure (D:7)
  3 water moccasins
  An orc warrior (D:9)
  Duvessa (D:5)
  2 phantoms
  2 sky beasts (D:9)
  An ogre (D:7)
  A black bear (D:8)
  4 slaves (D:5)
  An ice beast (D:8)
  2 necrophages
  A big kobold (D:10)
  6 centaurs
  9 giant frogs
  Dowan (D:5)
  2 scorpions (D:8)
  5 killer bees (D:7)
  A jelly (D:9)
  2 vampire bats (D:5)
  5 crimson imps
  2 giant frog skeletons
  9 hounds
  5 orc priests
  3 centaur zombies
  2 iguanas
  9 orc wizards
  10 worker ants
  A killer bee zombie (D:6)
  A hound skeleton (D:6)
  2 hound zombies
  A worker ant zombie (D:8)
  Robin (D:2)
  9 adders
  A gnoll (D:1)
  2 shadow imps
  An ooze (D:1)
  An adder skeleton (D:2)
  3 adder zombies
  3 worms
  6 giant geckos
  23 orcs
  6 bat skeletons
  A bat zombie (D:5)
  15 goblins
  7 hobgoblins
  14 jackals
  3 quokkas
  2 ball pythons
  10 bats
  5 giant cockroaches
  A giant cockroach zombie (D:2)
  A giant gecko skeleton (D:2)
  A giant gecko zombie (D:2)
  5 giant newts
  2 jackal skeletons (D:2)
  10 kobolds
  A quokka skeleton (D:4)
  2 quokka zombies
  5 rats
  2 butterflies (D:5)
259 creatures vanquished.

Vanquished Creatures (others)
  5 sheep (D:3)
  A giant cockroach (D:3)
6 creatures vanquished.

Grand Total: 265 creatures vanquished

Notes
Turn   | Place    | Note
--------------------------------------------------------------
     0 | D:1      | Banto the Minotaur Berserker began the quest for the Orb.
     0 | D:1      | Reached XP level 1. HP: 19/19 MP: 0/0
    77 | D:1      | Reached skill level 4 in Axes
   113 | D:1      | Reached XP level 2. HP: 8/26 MP: 1/1
   504 | D:1      | Reached skill level 5 in Axes
   532 | D:1      | Reached XP level 3. HP: 20/31 MP: 2/2
   559 | D:1      | Acquired Trog's second power
  1271 | D:2      | Found a white marble altar of Elyvilon.
  1279 | D:2      | Noticed Robin
  1291 | D:2      | Killed Robin
  1291 | D:2      | Reached skill level 6 in Axes
  1291 | D:2      | Reached XP level 4. HP: 28/39 MP: 3/3
  1810 | D:3      | Noticed Grinder
  1821 | D:3      | Killed Grinder
  1821 | D:3      | Reached skill level 8 in Axes
  1821 | D:3      | Reached XP level 5. HP: 16/45 MP: 4/4
  1821 | D:3      | Reached XP level 6. HP: 18/51 MP: 5/5
  1985 | D:3      | Found a shimmering altar of Xom.
  2392 | D:4      | Noticed emikaela's ghost (average DsFE)
  2410 | D:4      | Killed emikaela's ghost
  2410 | D:4      | Reached skill level 9 in Axes
  2434 | D:4      | Reached XP level 7. HP: 34/57 MP: 6/6
  2780 | D:4      | Reached skill level 10 in Axes
  2789 | D:4      | Found a blossoming altar of Fedhas.
  3022 | D:4      | Found a basalt altar of Yredelemnul.
  3077 | D:5      | Entered Level 5 of the Dungeon
  3226 | D:5      | Reached skill level 11 in Axes
  3328 | D:5      | Found a staircase to the Ecumenical Temple.
  3343 | Temple   | Entered the Ecumenical Temple
  3460 | D:5      | Reached XP level 8. HP: 64/64 MP: 7/7
  3510 | D:5      | Found a glowing golden altar of the Shining One.
  3518 | D:5      | Noticed Duvessa
  3518 | D:5      | Noticed Dowan
  3531 | D:5      | Killed Duvessa
  3534 | D:5      | Killed Dowan
  3551 | D:5      | Noticed Pikel
  3571 | D:5      | Killed Pikel
  3571 | D:5      | Reached skill level 13 in Axes
  3777 | D:5      | Found an ancient bone altar of Kikubaaqudgha.
  4162 | D:6      | Acquired Trog's third power
  4239 | D:6      | Found a deep blue altar of Sif Muna.
  4281 | D:6      | Reached XP level 9. HP: 48/70 MP: 8/8
  4321 | D:6      | Reached skill level 14 in Axes
  4541 | D:6      | Noticed Eustachio
  4552 | D:6      | Killed Eustachio
  4574 | D:6      | Noticed Sigmund
  4584 | D:6      | Killed Sigmund
  4591 | D:6      | Found Hayvir's Weapon Boutique.
  4805 | D:7      | Reached skill level 15 in Axes
  4835 | D:7      | Found a radiant altar of Vehumet.
  4959 | D:7      | Noticed Menkaure
  4970 | D:7      | Killed Menkaure
  5078 | D:6      | Bought a +3 war axe of venom for 275 gold pieces
  5097 | D:7      | Found a shadowy altar of Dithmenos.
  5144 | D:7      | Reached skill level 5 in Fighting
  5420 | D:7      | Found a burning altar of Makhleb.
  5671 | D:8      | Reached XP level 10. HP: 77/83 MP: 9/9
  5803 | D:8      | Received a gift from Trog
  5899 | D:8      | Reached skill level 5 in Armour
  6045 | D:8      | Found a shimmering altar of Xom.
  6334 | D:9      | Reached skill level 16 in Axes
  6396 | D:9      | Found a staircase to the Orcish Mines.
  6751 | D:9      | Found Henoiw's Serpentskin Sales.
  6763 | D:9      | Bought a potion of poison for 17 gold pieces
  6889 | D:9      | Found a snail-covered altar of Cheibriados.
  6889 | D:9      | Found an opulent altar of Gozag.
  6922 | D:10     | Entered Level 10 of the Dungeon
  7084 | D:10     | Reached XP level 11. HP: 59/94 MP: 3/10
  7152 | D:10     | Noticed Grum
  7163 | D:10     | HP: 6/141 [warg (1)]
  7163 | D:10     | Slain by a warg

Vault maps used:
D:1:      grunt_arrival_crossed_arrows, serial_bayou_lake_a
D:2:      elyvilon_altar_4, first_bread, serial_undead, serial_undead_c,
          serial_undead_c, serial_undead_f, serial_undead_c, serial_undead_e,
          serial_undead_a, serial_undead_f, uniq_robin
D:3:      kb_xom_exploding_sheep, uniq_grinder
D:4:      lemuel_coloured_pillars_altar, lemuel_round_altar
D:5:      kennysheep_vampire_church, lemuel_crystal_altar,
          minmay_temple_entry_butterflies, uniq_pikel, uniq_duvessa
D:6:      led_sif_book, serial_shops, kennysheep_mini, grunt_ministairs_10,
          uniq_sigmund, uniq_eustachio
D:7:      vehumet_crystals, lemuel_doored_altar, kennysheep_little_box,
          uniq_menkaure
D:8:      basic_altar, the_bakery
D:9:      gammafunk_temple_overflow_elements, orc_0_dummy,
          kennysheep_nondescript, guppyfry_shop_venom
D:10:     erik_lair_orcish_takeover, special_room, uniq_grum
Temple:   jpeg_temple_alley_garden_8

Action                   |  1- 3 |  4- 6 |  7- 9 | 10-12 || total
-------------------------+-------+-------+-------+-------++-------
Melee: Hand axe          |    68 |    95 |   350 |       ||   513
       War axe           |       |       |    62 |    31 ||    93
       Executioner's axe |       |       |       |    94 ||    94
Invok: Berserk           |       |     1 |     1 |     2 ||     4
       Burn Spellbooks   |       |       |     2 |     1 ||     3
  Use: Scroll            |     3 |     6 |     6 |     4 ||    19
       Potion            |       |       |       |     1 ||     1
 Stab: Distracted        |     1 |       |       |       ||     1
  Eat: Chunk             |     1 |     5 |    11 |     6 ||    23
